 Dungeon Crawl Stone Soup version 0.17.0-7-gfadd4cc (webtiles) character file.

830 HungrySpirit the Basher (level 7, -1/60 HPs)
             Began as a Hill Orc Ice Elementalist on Nov 8, 2015.
             Killed from afar by Dowan (9 damage)
             ... with a puff of frost
             ... on level 4 of the Dungeon.
             The game lasted 00:13:36 (6661 turns).

HungrySpirit the Basher (Hill Orc Ice Elementalist) Turns: 6661, Time: 00:13:36

Health: -1/60      AC: 11    Str: 13    XL:     7   Next: 97%
Magic:  9/9        EV:  5    Int: 15    God:
Gold:   131        SH:  0    Dex: 11    Spells: 1 memorised, 8 levels left

rFire  . . .     SeeInvis .     f - +0 flail
rCold  . . .     Clarity  .     q - +0 chain mail
rNeg   . . .     SustAt   .     (no shield)
rPois  .         Gourm    .     h - +1 helmet
rElec  .         Spirit   .     d - +0 cloak
rCorr  +         Warding  .     (no gloves)
rMut   .         Stasis   .     (no boots)
MR     .....                    e - amulet of resist corrosion
Stlth  ..........               (no ring)
                                u - ring of wizardry

@: slowed, very heavily drained, very slow, not resistant to hostile
enchantments, extremely unstealthy
A: no striking features
a: no special abilities


You were on level 4 of the Dungeon.
You were not hungry.

You visited 1 branch of the dungeon, and saw 4 of its levels.

You collected 131 gold pieces.

Inventory:

Hand Weapons
 f - a +0 flail (weapon)
 o - a +0 blowgun
Missiles
 t - 14 poisoned needles
Armour
 d - a +0 cloak (worn)
 h - a +1 helmet (worn)
 p - a +0 shield
 q - a +0 chain mail (worn)
Jewellery
 e - an amulet of resist corrosion (around neck)
 i - an uncursed ring of teleportation
 u - a ring of wizardry (left hand)
Scrolls
 g - 2 scrolls of magic mapping
 k - a scroll of noise {unknown}
 l - 4 scrolls of enchant weapon {unknown}
 s - 3 scrolls of identify {unknown}
 w - a scroll of fog {unknown}
 x - a scroll of enchant armour {unknown}
Potions
 n - a potion of heal wounds {unknown}
Books
 b - a book of Frost

   Spells                             Type                      Level
   a - Freeze                         Ice                          1
   b - Throw Frost                    Conjuration/Ice              2
   c - Ozocubu's Armour               Charms/Ice                   3
   d - Throw Icicle                   Conjuration/Ice              4
   e - Summon Ice Beast               Ice/Summoning                4
   f - Condensation Shield            Ice                          4
Comestibles
 c - 3 bread rations
 j - 2 meat rations
 m - a beef jerky


   Skills:
 - Level 4.4(0.0) Fighting
 + Level 8.3(3.4) Maces & Flails
 - Level 1.5(0.0) Dodging
 - Level 1.5(0.0) Stealth
 - Level 1.5(0.0) Spellcasting
   Level 1.0(0.0) Conjurations
 - Level 2.6(0.0) Ice Magic


You had 8 spell levels left.
You knew the following spells:

 Your Spells              Type           Power        Failure   Level  Hunger
a - Freeze                Ice            #...         100%        1    ##.....


Dungeon Overview and Level Annotations

Branches:
Dungeon (4/15)
 Temple: D:4-7

Altars:
Elyvilon
Xom

Annotations:
D:4 Dowan, Duvessa


Message History

* * * LOW HITPOINT WARNING * * *
You feel drained.
* * * LOW HITPOINT WARNING * * *
Dowan barely misses you.
Duvessa hits you with a short sword of draining.
* * * LOW HITPOINT WARNING * * *
You feel drained.
* * * LOW HITPOINT WARNING * * *
Unknown command.
Your chain mail prevents you from hitting Duvessa.
Duvessa is almost dead.
Dowan hits you but does no damage.
Duvessa hits you with a short sword of draining.
* * * LOW HITPOINT WARNING * * *
You feel drained.
* * * LOW HITPOINT WARNING * * *
Dowan generates a fountain of clear water, and laughs cruelly.
Dowan points at you and mumbles some strange words.
The puff of frost hits you!
You die...

,,*##.#......#.#.#
,,* #........#.#.#
,,* ##.......#.#.#
,,***#...>...#.#.#
,,,,*#......##.#)#
,,,,*#.......#.#.#
,,,.##.........#.#
*,,..(.......#.#e##
***##........#.#@.#
*,,,#.##..##.#.#e.#
*,*,#.*##.##......#
,,,,.,,,..#....##.#
,,*,*,*##.#.##.##.#
,,*,*,,,#.#.##.##.#
,,*,***,#...##....#
,,*,***,#..e##.####
,,*,,,,,#...##.#***


You could see Duvessa and Dowan.

Vanquished Creatures
  Pikel (D:3)
  An orc wizard (D:3)
  A centaur skeleton (D:4)
  Crazy Yiuf (D:3)
  A hound (D:4)
  2 worker ants (D:4)
  8 adders
  An ooze (D:1)
  2 worms
  5 giant geckos
  12 orcs
  5 giant cockroaches
  11 hobgoblins
  15 jackals
  11 kobolds
  A quokka (D:2)
  2 ball pythons (D:1)
  10 bats
  2 giant newts
  10 goblins
  8 rats
110 creatures vanquished.

Vanquished Creatures (others)
  A slave (D:4)
  An iguana (D:4)
  A gnoll (D:4)
  A giant cockroach (D:4)
  A ball python (D:4)
5 creatures vanquished.

Grand Total: 115 creatures vanquished

Notes
Turn   | Place    | Note
--------------------------------------------------------------
     0 | D:1      | HungrySpirit the Hill Orc Ice Elementalist began the quest for the Orb.
     0 | D:1      | Reached XP level 1. HP: 14/14 MP: 3/3
    96 | D:1      | Reached skill level 1 in Fighting
   262 | D:1      | Reached XP level 2. HP: 11/24 MP: 0/4
   807 | D:1      | Reached skill level 1 in Maces & Flails
   807 | D:1      | Reached XP level 3. HP: 26/30 MP: 5/5
  1013 | D:1      | Reached skill level 3 in Fighting
  2180 | D:2      | Reached XP level 4. HP: 36/40 MP: 6/6
  2748 | D:2      | Reached skill level 4 in Fighting
  4061 | D:3      | Reached XP level 5. HP: 42/47 MP: 7/7
  4723 | D:3      | HP: 1/47 [orc/flail (3)]
  5519 | D:3      | Found a white marble altar of Elyvilon.
  5553 | D:3      | Noticed Crazy Yiuf
  5559 | D:3      | Killed Crazy Yiuf
  5559 | D:3      | Reached XP level 6. HP: 50/53 MP: 8/8
  5855 | D:4      | Found a shimmering altar of Xom.
  5915 | D:4      | Reached skill level 5 in Maces & Flails
  6236 | D:4      | Noticed Pikel
  6334 | D:3      | Killed Pikel
  6334 | D:3      | Reached skill level 8 in Maces & Flails
  6334 | D:3      | Reached XP level 7. HP: 9/60 MP: 9/9
  6635 | D:4      | Noticed Duvessa
  6639 | D:4      | Noticed Dowan
  6661 | D:4      | Killed from afar by Dowan

Action                   |  1- 3 |  4- 6 |  7- 9 || total
-------------------------+-------+-------+-------++-------
Melee: Club              |   208 |   421 |       ||   629
       Unarmed           |     3 |       |       ||     3
       Flail             |       |   169 |    17 ||   186
 Cast: Freeze            |    16 |    13 |       ||    29
  Use: Potion            |       |     5 |       ||     5
       Scroll            |       |     4 |       ||     4
 Stab: Sleeping          |     1 |       |       ||     1
  Eat: Chunk             |     4 |    13 |     1 ||    18
       Pizza             |       |     1 |     1 ||     2
